cohdb
Replays
Latest Replays
All Replays
Popular Replays
Top Player Replays
Match Explorer
How It Works
Community
CoH3 Stats
Reddit
Sign in to upload your games and track your stats! →
Sign in with Steam
Match 44035559
Unlisted
Match 44035559
Overview
Messages
Build Orders
End
Pioneer Squad
Construct Infanterie Kompanie
Grenadier Squad
Grenadier Squad
MG 42 Machine Gun Team
GrW 34 Mortar Team
Construct Luftwaffe Kompanie
Flak 30 Anti-aircraft Gun Team
Selects Italian Coastal Battlegroup
Selects Coastal Reserves
Selects Artillery Officer
Artillery Officer
Jäger Squad
Construct Panzergrenadier Kompanie
Construct Panzer Kompanie
Stoßtruppen Squad
Selects Obice da 210/22 Artillery Emplacement
Selects Designate Defensive Line
HulkSMASH
Adult Asthma Is A Choice
Not Emily Willis™
Crakzor
noony2351
506767261
0
0
Comments
sign in to comment!
No comments posted yet!